Map: Néo-Gettysburg EC

Players

zidar - Winner!

  • Race: Zerg Zerg
  • League: Platinum
  • Spawn Location: 7:00

Rexar

  • Race: Zerg Zerg
  • League: Gold
  • Spawn Location: 5:00

VOD

Have the link to the VOD?

Description

Time

  • Played on: Nov. 14, 2016, 2:53 p.m.
  • Length: 3:49
Show
View Real Time Build Order
Export as new Build Order

zidar Zerg - Winner!

Build Orders: 1 Base Baneling Bust, Pool Only 

Get SALT Encoding   

  12  0:01  Drone  
  13  0:13  Drone  
  14  0:17  Extractor  
  14  0:18  Drone  
  14  0:35  Spawning Pool  
  13  0:42  Drone  
  14  1:02  Overlord x2  
  14  1:22  Queen  
  14  1:23  Metabolic Boost  
  16  1:27  Zergling x2  
  16  1:32  Zergling x2  
  18  1:37  Zergling x2  
  19  1:59  Zergling x4  
  21  2:07  Zergling x2  
  22  2:15  Zergling x2  
  23  2:23  Zergling x2  
  24  2:33  Baneling Nest  
  24  2:36  Zergling x6  
  26  2:51  Zergling x4  
  28  3:08  Zergling x4  
Show
View Real Time Build Order
Export as new Build Order

Rexar Zerg 

Build Orders: Pool First 

Get SALT Encoding   

  12  0:01  Drone  
  13  0:13  Overlord  
  14  0:21  Drone  
  14  0:33  Drone x2  
  16  0:44  Spawning Pool  
  16  0:46  Extractor  
  16  0:48  Drone  
  15  0:53  Drone  
  16  0:59  Drone  
  17  1:19  Hatchery  
  16  1:25  Drone  
  16  1:27  Drone  
  18  1:39  Queen  
  20  1:47  Overlord  
  20  1:52  Zergling x2  
  21  1:55  Drone  
  22  2:01  Metabolic Boost  
  22  2:24  Drone x3  
  22  2:28  Queen  
  27  2:31  Queen  
  29  2:40  Drone x2  
  31  2:45  Zergling x2  
  32  2:54  Drone x4  
  36  2:58  Overlord  
  36  3:11  Evolution Chamber  
  36  3:12  Evolution Chamber  
  33  3:14  Evolution Chamber  
  33  3:16  Zergling x2  
  33  3:17  Zergling x2  
Tags
 
Add a new tag
Caveats
  • Supply blocks, unpowered buildings, or Contaminate may cause inaccurate times.
  • Supply counts are checked every 10 seconds.